 Dungeon Crawl Stone Soup version 0.29-a0-233-g1125b37a9b (webtiles) character file.

Game seed: 12953425967593723310

5 siradein the Grave Robber (level 1, -2/14 HPs)
             Began as a Ghoul Necromancer on Mar 2, 2022.
             Slain by a jackal (3 damage)
             ... on level 2 of the Dungeon.
             The game lasted 00:01:40 (638 turns).

siradein the Grave Robber (Ghoul Necromancer)        Turns: 638, Time: 00:01:40

Health: -2/14      AC:  2    Str: 11    XL:     1   Next: 80%
Magic:  2/2        EV: 12    Int: 10    God:
Gold:   19         SH:  0    Dex:  9    Spells: 3/4 levels left

rFire   . . .      SeeInvis .   c - +1 battleaxe (flame)
rCold   + . .      Faith    .   (shield currently unavailable)
rNeg    + + +      Spirit   .   a - +0 robe
rPois   ∞          Reflect  .   (no helmet)
rElec   .          Harm     .   (no cloak)
rCorr   .          Rampage  .   (no gloves)
Will    .....                   (no boots)
Stlth   ++........              (no amulet)
HPRegen 0.00/turn               (no ring)
MPRegen 0.08/turn               (no ring)

@: inhibited regen
A: claws 1, cold resistance 1, negative energy resistance 3, inhibited
regeneration, torment resistance 2
a: no special abilities


You were on level 2 of the Dungeon.
You visited 1 branch of the dungeon, and saw 2 of its levels.

You collected 19 gold pieces.

Inventory:

Hand Weapons
 c - a +1 battleaxe of flaming (weapon)
Armour
 a - a +0 robe (worn)
Scrolls
 e - a scroll of identify {unknown}
Potions
 b - 2 potions of attraction {unknown}
 d - a potion of curing {unknown}


   Skills:
 - Level 1.7 Dodging
 - Level 2.1 Stealth
 + Level 2.0 Spellcasting
 + Level 4.1 Necromancy


You had 3 spell levels left.
You knew the following spells:

 Your Spells              Type           Power      Damage    Failure   Level
a - Pain                  Necr           36%        1d5       6%          1

Your spell library contained the following spells:

 Spells                   Type           Power      Damage    Failure   Level
 Animate Skeleton         Necr           18%        N/A       6%          1
 Vampiric Draining        Necr           9%         2d6       17%         3
 Animate Dead             Necr           4%         N/A       50%         4
 Agony                    Necr           9%         N/A       85%         5


Dungeon Overview and Level Annotations

Branches:
Dungeon (2/15)

Altars:


Innate Abilities, Weirdness & Mutations

You thrive by killing the living.
You are immune to poison.
You have sharp fingernails.
Your flesh is cold resistant. (rC+)
You are immune to negative energy. (rN+++)
You do not regenerate when monsters are visible.
You are immune to unholy pain and torment.


Message History

A frilled lizard is nearby!
A frilled lizard is nearby!
The frilled lizard barely resists.
The frilled lizard writhes in agony.
You kill the frilled lizard!
An adder comes into view.
The adder moves out of view.
Found a stone staircase leading up.
Found 24 stones.
A jackal comes into view.
A jackal comes into view.
The jackal barks!
You hear a bark!
A jackal comes into view.
You closely miss the jackal. The jackal closely misses you.
The jackal misses you. The jackal closely misses you.
The adder hisses angrily.
You slash the jackal! You burn the jackal.
You kill the jackal!
The jackal barely misses you.
Your Spellcasting skill increases to level 2!
You closely miss the jackal. The jackal misses you.
The jackal closely misses you.
You closely miss the adder. You closely miss the jackal. The jackal bites you.
The jackal barely misses you. The adder completely misses you.
The adder bites you. The jackal barely misses you.
You are too injured to fight recklessly!
You are too injured to fight recklessly!
You are too injured to fight recklessly!
You are too injured to fight recklessly!
Unknown command.
You barely miss the adder. You closely miss the jackal.
The jackal barely misses you. The adder bites you. The jackal bites you.
* * * LOW HITPOINT WARNING * * *
The adder bites you.
* * * LOW HITPOINT WARNING * * *
You miss the adder. You hit the jackal but do no damage.
The jackal closely misses you. The adder bites you.
* * * LOW HITPOINT WARNING * * *
The jackal bites you.
You die...

.###.#.# # .....#.#
#.# ####.#.# #.#
#.#.# ###.# #.#..
..#.# #.#.###.#.# #
#.# #<.#(# ..# #.#
#..#.######....#
#.#.##......S@hh.....
#.#.......######....#
#.####.#....... ...
####.# #.#.###### .
.....# #.#.#
#########.#..
#.........###
#.######### ..#


You could see an adder and 2 jackals.

Vanquished Creatures
  A ball python (D:1)
  A jackal (D:2)
  A frilled lizard (D:2)
  3 kobolds
6 creatures vanquished.

Notes
Turn   | Place    | Note
-------+----------+-------------------------------------------
     0 | D:1      | siradein the Ghoul Necromancer began the quest for the Orb.
     0 | D:1      | Reached XP level 1. HP: 14/14 MP: 2/2
   425 | D:1      | You fall into a shaft and drop 1 floor!
   638 | D:2      | Slain by a jackal

Illustrated notes

Levels and vault maps discovered:
D:1:      dpeg_arrival_simpleton_a, layout_loops_ring
D:2:      layout_basic, hellmonk_ecumenical_altar_blasted,
          kennysheep_generic_room_12, uniq_sigmund

Skill      XL: |  1 |
---------------+----+-----
Spellcasting   | 2 |  2.0
Dodging        | |  1.7
Stealth        | |  2.1
Necromancy     | |  4.1

Action                   || total
-------------------------++-------
Melee: Battleaxe         ||     7
       Unarmed           ||     4
 Cast: Pain              ||     9
Dodge: Dodged            ||    14

Table legend: (Time is in decaauts)
 A = Elapsed time spent in this place.
 B = Non-inter-level travel time spent in this place.
 C = Inter-level travel time spent in this place.
 D = Time resting spent in this place.
 E = Time spent auto-exploring this place.
 F = Levels seen in this place.
 G = Mean time per level.
                   A        B        C        D        E       F      G
               +--------+--------+--------+--------+--------+-----+--------+
         Total |    641 |    641 |      0 |      0 |    583 |   2 |  320.5 |
       Dungeon |    641 |    641 |      0 |      0 |    583 |   2 |  320.5 |
               +--------+--------+--------+--------+--------+-----+--------+

Top non-repeatable levels by time:
     D:1: 425 daAuts
     D:2: 216 daAuts
